Map: [TLMC15] Hardwire

Players

Maru - Winner!

  • Race: Terran Terran

Cure

  • Race: Terran Terran

Event: DreamHack SC2 Masters Last Chance 2022

VOD

Have the link to the VOD?

Description

Time

  • Played on: Jan. 16, 2022, 12:10 p.m.
  • Length: 21:31

All games in this series

Show
View Real Time Build Order
Export as new Build Order

Maru Terran - Winner!

Build Orders:  

Get SALT Encoding   

  12  0:00  SCV  
  13  0:12  SCV  
  14  0:17  Supply Depot  
  14  0:24  SCV  
  15  0:39  SCV  
  15  0:40  Barracks  
  16  0:43  Refinery  
  16  0:51  SCV  
  16  0:54  Refinery  
  17  1:03  SCV  
  18  1:15  SCV  
  19  1:27  Reaper, Orbital Command  
  19  1:32  Supply Depot  
  20  1:44  Factory  
  20  1:52  SCV  
  21  1:59  Reaper  
  22  2:04  SCV  
  23  2:16  SCV  
  23  2:21  Command Center  
  24  2:28  SCV  
  24  2:32  Hellion  
  24  2:34  Reaper  
  27  2:41  SCV  
  27  2:42  Supply Depot  
  28  2:53  Widow Mine, SCV  
  28  2:56  Starport  
  31  3:05  SCV  
  32  3:08  Barracks Reactor  
  32  3:15  Factory Tech Lab  
  32  3:17  SCV  
  33  3:25  Refinery  
  33  3:31  SCV  
  33  3:32  Starport Tech Lab  
  34  3:38  Cyclone  
  37  3:45  Marine x2, Orbital Command  
  39  3:52  SCV  
  40  3:56  Raven  
  42  4:03  Marine x2  
  42  4:05  SCV  
  42  4:07  Supply Depot  
  45  4:12  SCV  
  45  4:14  Siege Tank  
  49  4:17  SCV  
  49  4:21  Marine x2  
  52  4:24  SCV  
  52  4:29  SCV  
  54  4:35  Supply Depot  
  54  4:37  SCV  
  55  4:39  Raven, Marine x2  
  55  4:41  SCV  
  60  4:48  Supply Depot  
  60  4:49  SCV  
  60  4:53  SCV  
  60  4:56  Marine  
  60  4:57  Marine  
  58  5:01  SCV  
  58  5:05  SCV, Siege Tank  
  59  5:11  Command Center  
  59  5:14  Marine x2  
  59  5:18  SCV x2  
  59  5:20  Refinery  
  63  5:22  Raven  
  65  5:30  SCV  
  65  5:32  Marine x2  
  65  5:33  SCV  
  69  5:42  SCV  
  70  5:43  Siege Tank  
  70  5:46  SCV  
  73  5:50  Supply Depot  
  73  5:53  Barracks  
  73  5:54  SCV, Barracks  
  73  5:55  Marine x2  
  76  5:58  SCV  
  76  6:03  Engineering Bay  
  77  6:04  Engineering Bay  
  77  6:06  SCV  
  78  6:12  SCV  
  78  6:13  Supply Depot  
  78  6:16  Siege Tank  
  83  6:18  SCV  
  83  6:21  Viking  
  83  6:23  Viking  
  83  6:24  SCV  
  88  6:27  Stimpack, Marine  
  88  6:30  SCV  
  89  6:36  SCV  
  89  6:38  Terran Infantry Weapons Level 1  
  90  6:40  Terran Infantry Armor Level 1  
  90  6:42  SCV  
  90  6:46  Orbital Command  
  91  6:53  SCV  
  92  6:54  SCV  
  92  6:56  Viking x2  
  97  7:05  Siege Tank  
  97  7:06  SCV  
  97  7:07  Supply Depot  
  101  7:10  Barracks Reactor x2  
  101  7:11  SCV  
  101  7:12  SCV  
  101  7:14  Marine  
  102  7:32  Viking, Marine  
  102  7:35  SCV x2  
  102  7:36  SCV  
  102  7:37  Siege Tank  
  108  7:38  Supply Depot, Refinery x2  
  108  7:40  Viking  
  110  7:47  SCV x2  
  110  7:50  Marine  
  113  7:52  Marine x3  
  113  7:55  Supply Depot x2  
  114  8:04  SCV  
  113  8:08  Marine x2  
  113  8:10  Combat Shield, Marine x2  
  113  8:11  Siege Tank  
  122  8:13  Supply Depot  
  122  8:19  Medivac x2  
  122  8:21  SCV  
  122  8:23  Supply Depot, Barracks  
  122  8:24  Barracks  
  122  8:26  Marine  
  118  8:27  Marine x2  
  118  8:30  SCV  
  118  8:32  Armory  
  118  8:34  Marine x2  
  121  8:35  SCV x2  
  91  8:49  Viking  
  91  8:50  Viking, Marine x3  
  91  8:51  Siege Tank  
  94  8:55  Command Center  
  94  9:01  Marine x2  
  96  9:08  Sensor Tower, Marine x3  
  99  9:13  Barracks Reactor x2  
  98  9:19  Viking, Marine x2  
  98  9:20  Viking  
  98  9:23  Siege Tank  
  106  9:26  Marine x3  
  106  9:27  SCV x2  
  106  9:29  Terran Infantry Weapons Level 2, Terran Infantry Armor Level 2  
  111  9:36  Marine  
  111  9:37  Marine  
  112  9:44  Marine  
  105  9:46  Orbital Command  
  105  9:48  Marine x2  
  105  9:50  Medivac x2  
  102  9:53  Marine x2  
  102  9:55  SCV x2  
  106  10:00  Sensor Tower  
  106  10:03  Marine  
  108  10:07  SCV x2  
  108  10:09  Planetary Fortress  
  108  10:13  SCV  
  110  10:19  SCV x2  
  112  10:22  Siege Tank, Marine  
  112  10:23  Marine x5  
  112  10:25  SCV  
  122  10:31  SCV x2  
  122  10:32  Terran Vehicle Weapons Level 1  
  124  10:37  SCV  
  124  10:38  Refinery  
  124  10:39  Refinery  
  124  10:40  Sensor Tower  
  125  10:43  SCV x2  
  125  10:44  Marine x3  
  125  10:45  Marine  
  125  10:46  Missile Turret  
  125  10:47  Missile Turret, SCV  
  133  10:50  SCV  
  133  10:52  Supply Depot  
  133  10:55  Viking x2  
  137  11:02  Factory  
  137  11:04  Siege Tank  
  137  11:06  Barracks Reactor  
  137  11:09  Supply Depot, SCV  
  137  11:11  Supply Depot  
  141  11:12  Marine x2  
  141  11:13  Marine x4  
  141  11:14  Marine  
  148  11:25  Viking x2  
  152  11:35  Starport  
  152  11:36  Starport, Siege Tank  
  155  11:42  Command Center  
  154  11:53  Terran Infantry Weapons Level 3, Terran Infantry Armor Level 3  
  154  12:01  Marine  
  155  12:02  Command Center  
  146  12:08  Siege Tank  
  146  12:10  Marine  
  146  12:11  Marine x8  
  146  12:12  Viking x2  
  146  12:13  Starport Tech Lab x2  
  160  12:23  Siege Tank  
  160  12:27  Supply Depot  
  160  12:28  Terran Vehicle Weapons Level 2, Supply Depot  
  163  12:31  Armory  
  163  12:32  Corvid Reactor  
  163  12:44  Command Center  
  163  12:45  Raven x2  
  167  12:57  Siege Tank  
  168  13:05  Missile Turret  
  167  13:06  Missile Turret  
  167  13:21  Viking x2  
  167  13:24  Command Center  
  167  13:26  Command Center  
  171  13:28  Raven x2  
  171  13:33  Sensor Tower  
  174  13:45  Command Center  
  174  13:50  Siege Tank x2  
  174  13:55  Planetary Fortress, Marine x2  
  173  13:59  Terran Vehicle And Ship Armor Level 1  
  172  14:03  Orbital Command  
  172  14:10  Raven  
  172  14:17  Raven  
  173  14:21  Refinery x2  
  173  14:22  Siege Tank  
  173  14:23  Viking  
  177  14:24  Marine x2  
  177  14:25  Marine x7  
  177  14:29  Command Center  
  186  14:40  Sensor Tower  
  186  14:43  Missile Turret  
  186  14:44  Command Center  
  186  14:45  Orbital Command  
  186  14:53  Raven  
  186  14:59  Terran Vehicle Weapons Level 3  
  188  15:00  Missile Turret  
  188  15:02  Sensor Tower  
  188  15:03  Viking x2  
  192  15:07  Starport  
  192  15:09  Starport  
  192  15:11  Starport  
  192  15:32  Command Center  
  192  15:33  Planetary Fortress  
  192  15:34  Missile Turret  
  192  15:35  Sensor Tower  
  192  15:40  Hi-Sec Auto Tracking, Neosteel Armor  
  192  15:44  Starport Reactor  
  192  15:45  Starport Tech Lab  
  192  15:52  Starport Tech Lab  
  192  15:53  Terran Ship Weapons Level 1  
  192  15:56  Missile Turret  
  189  16:02  Raven x2, Viking  
  194  16:22  Siege Tank, Marine x5  
  196  16:37  Marine  
  196  16:38  Siege Tank, Marine  
  200  16:43  Command Center  
  200  16:44  Orbital Command  
  200  16:45  Orbital Command  
  200  16:46  Planetary Fortress  
  200  16:47  Orbital Command  
  200  16:49  Planetary Fortress  
  192  17:10  Siege Tank x2, Marine x4  
  197  17:23  Viking  
  198  17:31  Viking x2  
  198  17:35  Terran Vehicle And Ship Armor Level 2, Marine x4  
  196  17:40  Viking x2  
  198  17:51  Terran Ship Weapons Level 2  
  198  18:02  Refinery  
  198  18:03  Refinery  
  198  18:04  Refinery  
  198  18:05  Refinery  
  198  18:06  Command Center x2  
  198  18:27  Viking  
  200  18:37  Viking x2  
  200  18:40  Raven, Viking x2  
  200  18:45  Raven x2  
  200  18:46  Planetary Fortress  
  194  18:50  Marine  
  195  18:57  Viking  
  194  19:04  Refinery  
  194  19:06  Refinery, Sensor Tower  
  194  19:07  Viking x2  
  195  19:10  Raven, Viking  
  199  19:21  Starport  
  199  19:31  Marine  
  191  19:33  Marine x2  
  191  19:34  Marine x2  
  191  19:36  Raven x2, Viking  
  193  19:39  Siege Tank  
  193  19:40  Orbital Command x2  
  192  19:46  Marine x3  
  192  19:50  Raven, Viking  
  193  19:53  Raven  
  193  19:54  Marine x4  
  193  19:55  Marine x3  
  195  20:04  Marine  
  195  20:06  Marine x2  
  187  20:15  Viking x3  
  187  20:20  Marine x3  
  187  20:21  Viking x2  
  166  20:29  Viking  
  166  20:31  Marine x2  
  166  20:32  Siege Tank, Marine x4  
  175  20:36  Starport Reactor  
  175  20:39  Sensor Tower, Marine x4  
  175  20:40  Siege Tank  
  175  20:41  Sensor Tower  
  182  20:47  Raven x2, Viking x3  
  182  20:49  Marine x2  
  188  21:02  Marine x2  
Show
View Real Time Build Order
Export as new Build Order

Cure Terran 

Build Orders:  

Get SALT Encoding   

  12  0:00  SCV  
  13  0:12  SCV  
  14  0:17  Supply Depot  
  14  0:24  SCV  
  15  0:39  SCV, Barracks  
  15  0:42  Refinery  
  16  0:51  SCV  
  16  0:52  Refinery  
  17  1:03  SCV  
  18  1:15  SCV  
  19  1:26  Reaper  
  19  1:27  Orbital Command  
  19  1:31  Supply Depot  
  20  1:41  Factory  
  20  1:52  SCV  
  21  1:58  Reaper  
  22  2:05  SCV  
  23  2:17  SCV  
  24  2:26  Command Center  
  23  2:30  Hellion  
  23  2:31  SCV  
  23  2:34  Reaper  
  27  2:41  Supply Depot  
  27  2:43  SCV  
  28  2:52  Hellion  
  28  2:56  Starport  
  28  2:57  SCV  
  31  3:06  Barracks Reactor  
  31  3:09  SCV  
  32  3:13  Factory Tech Lab  
  32  3:22  SCV  
  33  3:30  Refinery  
  33  3:32  Cyclone  
  33  3:34  SCV, Starport Tech Lab  
  37  3:38  Orbital Command  
  37  3:46  SCV  
  36  3:49  Marine x2  
  36  3:54  Raven  
  38  3:58  SCV  
  38  4:01  Supply Depot  
  39  4:05  SCV  
  39  4:07  Marine x2  
  42  4:10  SCV  
  42  4:12  Siege Tank  
  46  4:17  SCV  
  46  4:20  Supply Depot  
  46  4:22  SCV  
  48  4:25  Marine x2  
  48  4:29  SCV  
  51  4:33  Supply Depot  
  51  4:34  SCV  
  51  4:37  Raven  
  54  4:42  SCV  
  54  4:43  Marine x2  
  57  4:46  SCV  
  57  4:51  Siege Tank  
  60  4:59  SCV x2  
  59  5:00  Marine  
  59  5:01  Marine  
  60  5:07  Command Center  
  60  5:11  SCV x2  
  62  5:15  Supply Depot  
  61  5:23  SCV  
  61  5:24  SCV  
  63  5:30  Refinery  
  61  5:43  SCV x2, Marine  
  61  5:44  Siege Tank, Viking x2  
  71  5:51  Stimpack  
  71  5:55  SCV x2  
  73  5:58  Barracks  
  73  5:59  Barracks  
  73  6:02  Engineering Bay  
  73  6:03  Engineering Bay  
  73  6:04  Marine  
  73  6:07  SCV x2  
  76  6:16  Viking x2  
  80  6:19  SCV x2  
  80  6:20  Siege Tank  
  85  6:25  Marine  
  87  6:32  SCV  
  87  6:33  SCV  
  87  6:38  Terran Infantry Weapons Level 1, Terran Infantry Armor Level 1  
  88  6:45  Supply Depot, SCV x2  
  88  6:46  Supply Depot  
  90  6:47  Barracks Reactor  
  90  6:48  Barracks Reactor, Marine  
  90  6:52  Refinery  
  90  6:53  Refinery  
  90  6:57  SCV x2  
  91  7:02  Viking x2  
  91  7:04  Orbital Command  
  91  7:06  Marine  
  96  7:09  SCV x2  
  96  7:15  Siege Tank  
  101  7:18  Supply Depot  
  101  7:21  SCV x2  
  102  7:25  Marine  
  102  7:26  Marine x4  
  103  7:37  SCV x2, Viking x2  
  103  7:42  Combat Shield  
  103  7:43  Marine  
  110  7:44  Marine x4  
  110  7:49  Siege Tank  
  110  7:51  Orbital Command  
  117  8:00  SCV x2, Marine  
  117  8:02  Marine x4  
  119  8:07  Medivac x2  
  119  8:12  SCV  
  121  8:16  SCV x2  
  121  8:18  Marine  
  123  8:20  Marine  
  124  8:39  Marine  
  124  8:40  Marine x3  
  124  8:44  Marine  
  124  8:46  SCV x3  
  124  8:47  Siege Tank  
  99  8:56  Armory  
  99  8:57  Marine  
  99  8:58  SCV x3, Marine x3, Barracks  
  99  8:59  Barracks  
  99  9:00  Refinery x2  
  99  9:02  Marine  
  107  9:07  Medivac x2  
  111  9:12  SCV x3  
  111  9:15  Marine  
  111  9:16  Marine  
  116  9:22  Marine x3  
  119  9:28  Siege Tank  
  119  9:29  SCV x3  
  121  9:33  Marine x2  
  123  9:39  Marine  
  114  9:45  Marine x2  
  114  9:47  Barracks Reactor x2  
  114  9:50  Marine  
  114  9:51  Marine  
  114  9:52  SCV x3  
  106  9:59  Marine  
  106  10:00  Terran Infantry Weapons Level 2, Siege Tank  
  106  10:01  Command Center  
  106  10:03  Marine x2  
  112  10:08  Marine  
  112  10:09  Viking x2  
  112  10:12  SCV x3  
  120  10:14  Supply Depot  
  120  10:15  Sensor Tower  
  120  10:17  Marine x2  
  120  10:21  Terran Infantry Armor Level 2, Marine  
  122  10:24  SCV  
  125  10:30  Supply Depot  
  125  10:35  Marine x5  
  125  10:36  SCV x2  
  125  10:39  SCV  
  125  10:41  Factory  
  132  10:43  Supply Depot  
  132  10:45  Barracks Reactor  
  132  10:46  Marine  
  133  10:51  SCV x2, Viking x2, Marine x2  
  133  10:52  Supply Depot  
  141  11:04  Marine x3  
  141  11:05  Siege Tank, Marine  
  141  11:06  SCV  
  141  11:08  Supply Depot  
  141  11:10  Refinery, Terran Vehicle Weapons Level 1  
  149  11:13  SCV x2, Planetary Fortress  
  151  11:24  Marine x6  
  151  11:25  Starport  
  153  11:28  Siege Tank  
  153  11:29  Marine x4  
  160  11:45  Marine x2  
  162  11:47  Siege Tank, Sensor Tower  
  165  11:54  Marine x7  
  165  11:55  Viking x2  
  165  11:58  Supply Depot x2  
  165  12:00  Siege Tank  
  179  12:02  Sensor Tower  
  179  12:05  Command Center  
  179  12:08  Refinery, Marine x2  
  174  12:19  Sensor Tower  
  170  12:23  SCV x3  
  170  12:24  SCV, Siege Tank  
  170  12:26  Starport Tech Lab  
  170  12:29  Starport  
  177  12:32  Siege Tank  
  180  12:37  Viking x2  
  180  12:38  Terran Infantry Weapons Level 3  
  184  12:49  Viking  
  184  12:50  Corvid Reactor  
  184  12:51  Command Center  
  186  12:56  Siege Tank  
  189  13:03  Command Center  
  189  13:04  Command Center  
  186  13:07  Viking  
  186  13:10  Starport Tech Lab  
  188  13:17  Siege Tank  
  189  13:21  Marine  
  190  13:28  Refinery  
  190  13:33  Refinery  
  190  13:34  Terran Vehicle Weapons Level 2, Terran Infantry Armor Level 3  
  190  13:39  Siege Tank  
  193  13:49  Siege Tank  
  193  13:52  Command Center  
  194  13:56  Planetary Fortress  
  194  13:57  Raven x2  
  198  14:08  Command Center  
  198  14:09  Armory  
  198  14:11  Command Center  
  198  14:15  Starport  
  191  14:17  Starport  
  184  14:24  Viking  
  184  14:25  Viking  
  184  14:29  Marine x6  
  194  14:35  Orbital Command  
  194  14:40  Raven, Viking  
  194  14:42  Sensor Tower  
  197  14:53  Starport Tech Lab, Starport Reactor  
  197  14:54  Sensor Tower  
  197  14:55  Missile Turret  
  197  14:56  Missile Turret  
  197  14:57  Terran Ship Weapons Level 1  
  197  15:02  Planetary Fortress  
  197  15:06  Missile Turret  
  197  15:10  Raven  
  197  15:13  Refinery  
  199  15:16  Refinery  
  199  15:18  Missile Turret  
  199  15:19  Orbital Command  
  199  15:20  Missile Turret  
  199  15:21  Orbital Command  
  199  15:22  Missile Turret  
  199  15:40  Command Center, Neosteel Armor  
  199  15:45  Command Center  
  199  15:47  Command Center  
  198  16:00  Viking  
  197  16:07  Raven  
  197  16:08  Raven, Viking  
  191  16:24  Siege Tank x2  
  191  16:25  Raven  
  165  16:26  Viking x2  
  165  16:27  Marine x4  
  165  16:29  Viking  
  168  16:33  Marine x2  
  168  16:39  Marine x4  
  164  16:45  Marine x2  
  166  16:50  Raven  
  166  16:51  Orbital Command  
  166  16:53  Viking x2  
  172  16:57  Siege Tank  
  172  16:58  Siege Tank  
  178  17:07  Marine x2  
  178  17:08  Marine x4  
  177  17:19  Hi-Sec Auto Tracking  
  177  17:20  Terran Ship Weapons Level 2  
  177  17:21  Terran Vehicle And Ship Armor Level 1  
  172  17:30  Siege Tank x2  
  172  17:31  Refinery  
  172  17:36  Marine x4  
  177  17:41  Medivac  
  175  17:44  Marine x3  
  175  17:49  Marine x3  
  181  17:54  Marine x3  
  181  17:56  Medivac  
  186  18:02  Siege Tank, Marine x4  
  192  18:07  Marine x3  
  193  18:15  Orbital Command  
  193  18:18  Raven, Viking  
  197  18:40  Raven  
  197  18:41  Raven, Viking x2  
  183  18:56  Siege Tank x2  
  183  19:02  Raven, Viking  
  193  19:04  Planetary Fortress  
  193  19:10  Marine  
  194  19:18  Refinery x2  
  194  19:23  Raven  
  167  19:40  Marine x6  
  171  19:46  Marine x4  
  171  19:47  Siege Tank  
  178  19:58  Marine x6  
  184  20:03  Marine  
  184  20:04  Marine x3  
  184  20:06  Raven x2  
  182  20:16  Marine x4  
  174  20:23  Marine x2  
  164  20:31  Marine x4  
  165  20:44  Viking  
  163  21:03  Marine x6  

Tags
 
Add a new tag
Caveats
  • Supply blocks, unpowered buildings, or Contaminate may cause inaccurate times.
  • Supply counts are checked every 10 seconds.